 Dungeon Crawl Stone Soup version 0.30-a0-557-ge2afbf3030 (webtiles) character file.

Game seed: 11632987423922791421

65 stormannn the Covered (level 4, -1/31 HPs)
             Began as a Meteoran Fighter on Dec 28, 2022.
             Slain by a river rat (3 damage)
             ... in a sewer.
             The game lasted 00:03:06 (1423 turns).

stormannn the Covered (Meteoran Fighter)            Turns: 1423, Time: 00:03:06

Health: -1/31      AC:  7    Str: 19    XL:     4   Next: 60%
Magic:  5/5        EV:  9    Int: 10    God:
Gold:   58         SH:  5    Dex: 13    Spells: 3/3 levels left

rFire   . . .      SeeInvis .    a - +0 war axe
rCold   . . .      Faith    .    c - +0 buckler
rNeg    . . .      Spirit   .    b - +0 scale mail
rPois   .          Reflect  .    (no helmet)
rElec   .          Harm     .    (no cloak)
rCorr   .          Rampage  .    (no gloves)
Will    .....                    (no boots) Stlth
                                 (no amulet)
HPRegen 0.25/turn                (no ring)
MPRegen 0.09/turn                (no ring)

@: glowing
A: sense surroundings 1, otherworldly, glowing, explore regen
a: no special abilities


You were in a sewer.
You visited 1 branch of the dungeon, and saw 3 of its levels.
You also visited: Sewer.

You collected 58 gold pieces.

Inventory:

Hand Weapons
 a - a +0 war axe (weapon)
Armour
 b - a +0 scale mail (worn)
 c - a +0 buckler (worn)
Jewellery
 j - a ring of resist corrosion
Wands
 k - a wand of paralysis (9)
Scrolls
 e - a scroll of enchant weapon {unknown}
 f - a scroll of enchant armour {unknown}
 g - 2 scrolls of immolation {unknown}
 l - a scroll of teleportation {unknown}
 o - a scroll of noise {unknown}
 p - a scroll of fear {unknown}
Potions
 d - 2 potions of might
 h - a potion of degeneration {unknown}
 i - a potion of haste {unknown}
 m - a potion of brilliance {unknown}
 n - a potion of resistance {unknown}
 q - a potion of cancellation {unknown}


   Skills:
 + Level 3.9 Fighting
 + Level 3.3 Axes
 + Level 4.3 Armour
 + Level 4.2 Shields


You had 3 spell levels left.
You didn't know any spells.
Your spell library was empty.

Dungeon Overview and Level Annotations

Branches:
Dungeon (3/15) Zot: 584     Sewer (1/1) Zot: 528

Altars:


Innate Abilities, Weirdness & Mutations

You passively map a small area around you.
You are easily found by Zot.
You glow in the dark.
You regain HP and MP as you explore.


Message History

You closely miss the river rat. You block the river rat's attack.
The river rat bites you but does no damage.
You hit the river rat but do no damage.
The river rat is severely wounded.
You closely miss the river rat. The river rat bites you!
The river rat bites you.
* * * LOW HITPOINT WARNING * * *
You are too injured to fight recklessly!
You are too injured to fight recklessly!
You are too injured to fight recklessly!
You are too injured to fight recklessly!
You are too injured to fight recklessly!
You are too injured to fight recklessly!
You are too injured to fight recklessly!
You are too injured to fight recklessly!
You are too injured to fight recklessly!
You are too injured to fight recklessly!
You are too injured to fight recklessly!
You are too injured to fight recklessly!
You are too injured to fight recklessly!
You are too injured to fight recklessly!
You are too injured to fight recklessly!
You are too injured to fight recklessly!
You are too injured to fight recklessly!
You are too injured to fight recklessly!
You are too injured to fight recklessly!
You are too injured to fight recklessly!
You are too injured to fight recklessly!
You are too injured to fight recklessly!
You are too injured to fight recklessly!
You are too injured to fight recklessly!
You are too injured to fight recklessly!
You are too injured to fight recklessly!
You hit the river rat but do no damage.
The river rat is severely wounded.
You closely miss the river rat. The river rat barely misses you.
The river rat bites you!
* * * LOW HITPOINT WARNING * * *
The river rat bites you.
You die...

* * * * * ~~ ~ ~ ~ ,
~ ~ * * *## ## .# #.
.#.# ~ #r.# ~
##,##@# *~* #.##.#r#
* #.#.###.# * ##.##
*## ##†#†#
###########~######
~~~.~~~.~~~~.~~~~~~
~*
.~~~~.~.....~~~.~..,
~
###################


You could see 2 river rats.

Vanquished Creatures
  2 river rats (Sewer)
  A worm (D:3)
  A dart slug (D:1)
  An endoplasm (D:2)
  3 giant cockroaches (D:2)
  4 goblins
  4 hobgoblins
  A quokka (D:2)
  3 ball pythons
  8 bats
  3 frilled lizards
  3 kobolds
  10 rats
44 creatures vanquished.

Notes
Turn   | Place    | Note
-------+----------+-------------------------------------------
     0 | D:1      | stormannn the Meteoran Fighter began the quest for the Orb.
     0 | D:1      | Reached XP level 1. HP: 19/19 MP: 2/2
   173 | D:1      | Reached XP level 2. HP: 26/26 MP: 3/3
   483 | D:1      | Glimpsed the power of Zot.
   532 | D:1      | Glimpsed the power of Zot.
   561 | D:2      | Reached XP level 3. HP: 31/31 MP: 4/4
  1062 | D:2      | Glimpsed the power of Zot.
  1108 | D:2      | Glimpsed the power of Zot.
  1148 | D:2      | Glimpsed the power of Zot.
  1158 | D:2      | Touched by the power of Zot.
  1259 | D:2      | Glimpsed the power of Zot.
  1349 | D:3      | Found a glowing drain.
  1363 | D:3      | Reached XP level 4. HP: 25/31 MP: 5/5
  1368 | Sewer    | Entered a sewer
  1423 | Sewer    | Slain by a river rat

Illustrated notes

Levels and vault maps discovered:
D:1:      heliophobic_arrival_henge, layout_basic, nrook_loot_triangle,
          minmay_misc_feat_chi
D:2:      layout_basic
D:3:      corexii_shack_village, layout_basic, cheibrodos_sewer_entry_sluice,
          chequers_serial_rivers_room_b
Sewer:    sewer_co_cracked_pipes

Skill      XL: |  1  2  3 |
---------------+----------+-----
Armour         | 4 |  4.3
Shields        | 4 |  4.2
Axes           | 3 |  3.3
Fighting       | |  3.9

Action                   |  1- 3 |  4- 6 || total
-------------------------+-------+-------++-------
Melee: War axe           |   120 |    24 ||   144
Armor: Scale mail        |    64 |    15 ||    79
Dodge: Dodged            |    51 |     6 ||    57
Block: Buckler           |    28 |     5 ||    33

Table legend: (Time is in decaauts)
 A = Elapsed time spent in this place.
 B = Non-inter-level travel time spent in this place.
 C = Inter-level travel time spent in this place.
 D = Time resting spent in this place.
 E = Time spent auto-exploring this place.
 F = Levels seen in this place.
 G = Mean time per level.
                   A        B        C        D        E       F      G
               +--------+--------+--------+--------+--------+-----+--------+
         Total |   1485 |   1471 |     14 |      0 |   1097 |   4 |  371.2 |
       Dungeon |   1416 |   1402 |     14 |      0 |   1068 |   3 |  472.0 |
         Sewer |     69 |     69 |      0 |      0 |     29 |   1 |   69.0 |
               +--------+--------+--------+--------+--------+-----+--------+

Top non-repeatable levels by time:
     D:2: 770 daAuts
     D:1: 560 daAuts
     D:3: 85 daAuts
   Sewer: 69 daAuts
